 Dungeon Crawl Stone Soup version 0.32-a0-814-g0968bab981 (webtiles) character file.

Game seed: 6684263932191894862

16959 GeoRichter the Carver (level 12, -3/97 HPs)
             Began as a Demonspawn Warper on Mar 22, 2024.
             Was a High Priest of Okawaru.
             Slain by a bog body (12 damage)
             ... on level 2 of the Lair of Beasts.
             The game lasted 00:22:57 (12150 turns).

GeoRichter the Carver (Demonspawn Warper)          Turns: 12150, Time: 00:22:57

Health: -3/97      AC: 12    Str: 13    XL:     12   Next: 14%
Magic:  16/18      EV: 14    Int: 14    God:    Okawaru [*****.]
Gold:   641        SH:  0    Dex: 16    Spells: 15/15 levels left

rFire   + + .        a - +1 scimitar (elec)
rCold   + . .        (no shield)
rNeg    + . .        r - +3 leather armour {rF+}
rPois   +            (helmet unavailable)
rElec   +            G - +0 cloak
rCorr   +            m - +0 pair of gloves
SInv    .            (no boots)
Will    .....        O - amulet of faith {!P}
Stlth   +++          k - ring of positive energy
HPRegen 0.36/turn    y - ring of resist corrosion
MPRegen 0.16/turn

%: faith
@: resistant, heroic, slowed, very slow
A: horns 3, powered by death 1, sharp scales 3, demonic magic 1
a: Renounce Religion, Heroism, Finesse, Duel


You were on level 2 of the Lair of Beasts.
You worshipped Okawaru.
Okawaru was extremely pleased with you.
You visited 3 branches of the dungeon, and saw 12 of its levels.

You collected 706 gold pieces.
You spent 65 gold pieces at shops.

Inventory:

Hand Weapons
 a - a +1 scimitar of electrocution (weapon)
   (You took it off an orc warrior on level 6 of the Dungeon)
 b - a +2 falchion of flaming
   (You took it off an orc on level 5 of the Dungeon)
 i - a +0 hand cannon
   (You found it on level 2 of the Dungeon)
Missiles
 d - 7 darts of dispersal {!f}
 x - 16 poisoned darts (quivered)
 z - a silver javelin
 C - a curare-tipped dart {!f}
 K - 4 throwing nets {!f}
 S - 3 atropa-tipped darts
Armour
 m - a +0 pair of gloves (worn)
   (You found it on level 3 of the Dungeon)
 r - a +3 leather armour of fire resistance (worn)
   (You took it off Duvessa on level 4 of the Dungeon)
 G - a +0 cloak (worn)
   (You found it on level 7 of the Dungeon)
 Q - +0 acid dragon scales
   (You took it off Maggie on level 9 of the Dungeon)
Jewellery
 h - an amulet of the acrobat
   (You found it on level 4 of the Dungeon)
 k - a ring of positive energy (left hand)
   (You found it on level 4 of the Dungeon)
 y - a ring of resist corrosion (right hand)
   (You took it off a kobold brigand on level 6 of the Dungeon)
 O - an amulet of faith (around neck) {!P}
   (You found it on level 8 of the Dungeon)
Wands
 g - a wand of mindburst (3)
   (You took it off Ijyb on level 2 of the Dungeon)
 J - a wand of iceblast (7)
   (You found it on level 8 of the Dungeon)
 M - a wand of flame (28)
   (You found it on level 8 of the Dungeon)
 P - a wand of acid (3)
   (You took it off an orc priest on level 9 of the Dungeon)
Scrolls
 f - 2 scrolls of amnesia {unknown}
 j - 2 scrolls of vulnerability {!r}
 n - 4 scrolls of fear
 o - 2 scrolls of enchant weapon {unknown}
 s - a scroll of brand weapon {unknown}
 v - 2 scrolls of immolation {unknown}
 D - 2 scrolls of enchant armour {unknown}
 H - a scroll of teleportation {@r4}
 I - a scroll of poison {unknown}
 R - 2 scrolls of revelation {unknown}
Potions
 e - a potion of attraction {unknown}
 p - a potion of enlightenment {unknown}
 q - 3 potions of curing {@q1}
 t - a potion of invisibility {unknown}
 u - a potion of haste {unknown}
 w - 2 potions of mutation {!q}
 B - 2 potions of might
 E - a potion of berserk rage
 F - a potion of brilliance {unknown}
 N - 2 potions of resistance


   Skills:
 - Level 10.3(15.3) Fighting
 - Level 14.0(19.0) Long Blades
 - Level 0.8(5.8) Throwing
 + Level 3.0(8.0) Armour
 + Level 2.0(7.0) Dodging
 - Level 2.0 Spellcasting
 * Level 3.0 Translocations
 - Level 9.0 Invocations
 - Level 3.0 Evocations


You had 15 spell levels left.
You didn't know any spells.
Your spell library contained the following spells:

 Spells                   Type           Power      Damage    Failure   Level
 Apportation              Tloc           20%        N/A       9%          1
 Blink                    Tloc           20%        N/A       13%         2
 Lesser Beckoning         Tloc           20%        N/A       13%         2
 Teleport Other           Tloc           10%        N/A       26%         3
 Foxfire                  Conj/Fire      4%         2x1d4     28%         1
 Cigotuvi's Dreadful Rot  Necr/Alch/Air  2%         N/A       41%         2
 Jinxbite                 Hex            2%         N/A       41%         2
 Scorch                   Fire           2%         2d5       41%         2
 Manifold Assault         Tloc           10%        N/A       63%         4
 Vhi's Electric Charge    Tloc/Air       10%        N/A       83%         4
 Dispel Undead            Necr           1%         3d6       96%         4
 Flame Wave               Conj/Fire      1%         2d4       96%         4
 Ignite Poison            Fire/Alch      1%         N/A       96%         4
 Olgreb's Toxic Radiance  Alch           1%         N/A       96%         4
 Alistair's Intoxication  Alch           0%         N/A       100%        5
 Lee's Rapid Deconstruct  Erth           0%         3d4*      100%        5
 Yara's Violent Unravell  Hex/Alch       0%         3d3       100%        5
 Plasma Beam              Fire/Air       0%         2x1d10    100%        6
 Starburst                Conj/Fire      0%         6d3       100%        6
 Ozocubu's Refrigeration  Ice            0%         4d7       100%        7
 Polar Vortex             Ice            0%         N/A       100%        9
 Animate Armour           Summ/Erth      Unusable   N/A       N/A         4
 Martyr's Knell           Necr/Summ      Unusable   N/A       N/A         4
 Summon Lightning Spire   Summ/Air       Unusable   N/A       N/A         4
 Sculpt Simulacrum        Ice/Alch       Unusable   N/A       N/A         6
 Summon Cactus Giant      Summ           Unusable   N/A       N/A         6

Dungeon Overview and Level Annotations

Branches:
Dungeon (9/15) Zot: 25734  Temple (1/1) D:5 Zot: 5989    Lair (2/5) D:9 Zot: 9862
    Orc (0/2) D:9
  Swamp: Lair:2-3    Shoals: Lair:2-3     Snake: Lair:2-3    Spider: Lair:2-3

Altars:
Ashenzari
Cheibriados
Dithmenos
Fedhas
Gozag
Hepliaklqana
Kikubaaqudgha
Makhleb
Nemelex Xobeh
Okawaru
Qazlal
Ru
Sif Muna
Trog
Uskayaw
Vehumet
Wu Jian
Xom
Yredelemnul

Shops:
D:1 ?   D:3 [?

Annotations:
D:4 Dowan
D:8 3 runed translucent doors, Pascal76's ghost, novice MiFi
D:9 2 transporters, exclusion: ice statue, Stonecrops's ghost, journeyman FoFi
Lair:1 1 runed translucent door, exclusion: oklob plant


Innate Abilities, Weirdness & Mutations

You have a pair of large horns on your head.
You regenerate a little health from kills.
You are completely covered in razor-sharp scales. (AC +3, Slay +3)
Spells you cast may paralyse adjacent enemies.


Message History

The rime drake is severely wounded.
The rime drake breathes ice at you. The icy flash freeze hits you!
You are encased in ice.
You slash the rime drake!
The rime drake is almost dead.
The rime drake bites you but does no damage.
You slash the rime drake!
You kill the rime drake!
Okawaru accepts your kill.
Okawaru will grant you a choice of weapons... once.
Okawaru will grant you a choice of armour... once.
The ice encasing you melts away.
Your Armour skill increases to level 3!
Your Dodging skill increases to level 2!
Your Translocations skill increases to level 3!
Things that are here:
a wolf corpse; a komodo dragon corpse You start resting.
The bog body gestures at you while chanting.
The bolt of cold hits you!
A bog body is nearby!
The bog body gestures at you while chanting.
You feel as though you will be slow longer.
The bog body casts a spell at you. You resist with significant effort.
The bog body casts a spell at you. The bolt of cold hits you!!!
* * * LOW HITPOINT WARNING * * *
Okay, then.
You feel much better.
The bog body points at you and mumbles some strange words.
You resist with significant effort.
Okay, then.
You feel protected.
You gain the combat prowess of a mighty hero.
Okawaru is no longer ready to gift you weaponry.
Okawaru is no longer ready to gift you armour.
The bog body points at you and mumbles some strange words.
The bolt of cold misses you. The bog body touches you.
* * * LOW HITPOINT WARNING * * *
The bog body freezes you! You resist.
* * * LOW HITPOINT WARNING * * *
You hit the bog body. You headbutt the bog body!
The bog body is heavily damaged.
The bog body touches you!
* * * LOW HITPOINT WARNING * * *
The bog body freezes you! You resist.
You die...

........ ......
##....# .....# ###
###....## ##
#.P#####.#.....#.P##
............†.......
..........n⌠⌠.......
.........@♣..♣......
...........♣..♣
.....
#.....##P..♣♣..♣♣
P#.#
#......###.♣~♣†~♣ #
# #..... ##.♣....♣
## #....###P.♣~♣.~♣
.# #.........♣~..~♣
.# #........♣♣~..≈♣
.+ +........♣♣~..~♣


You could see a bog body.

Vanquished Creatures
  Gastronok (Lair:1)
  3 hydras
  3 elephants (Lair:1)
  3 black mambas (Lair:1)
  Joseph (D:6)
  3 cane toads (Lair:1)
  Maggie (D:9)
  2 rime drakes
  Psyche (D:9)
  2 komodo dragons
  3 wyverns
  18 yaks
  A shadow (D:9)
  A wraith (D:9)
  2 steam dragons
  8 water moccasins
  Duvessa (D:4)
  6 orc warriors
  3 ice beasts
  2 sky beasts (D:7)
  3 ogres
  2 black bears
  3 wolves (Lair:2)
  A phantom (D:5)
  3 kobold brigands
  2 gnoll sergeants
  11 bullfrogs
  2 scorpions
  9 killer bees
  4 howler monkeys (D:8)
  3 gnoll boudas
  2 jellies
  5 orc priests
  2 sleepcaps
  4 hounds
  Jessica (D:3)
  Ijyb (D:2)
  2 iguanas
  14 orc wizards
  24 gnolls
  6 adders
  2 river rats (Lair:2)
  A shadow imp (D:8)
  2 white imps
  3 ribbon worms
  2 dart slugs
  64 orcs
  6 endoplasms
  9 goblins
  14 hobgoblins
  9 jackals
  A quokka (D:1)
  5 bats
  5 frilled lizards
  23 kobolds
  4 rats
319 creatures vanquished.

Notes
Turn   | Place    | Note
-------+----------+-------------------------------------------
     0 | D:1      | GeoRichter the Demonspawn Warper began the quest for the
                  | Orb.
     0 | D:1      | Reached XP level 1. HP: 16/16 MP: 3/3
   102 | D:1      | Reached skill level 2 in Long Blades
   127 | D:1      | Gained mutation: You have a pair of small horns on your
                  | head. [demonic ancestry]
   127 | D:1      | Reached XP level 2. HP: 22/22 MP: 5/5
   594 | D:1      | Gained mutation: You are partially covered in razor-sharp
                  | scales. (AC +1, Slay +1) [demonic ancestry]
   594 | D:1      | Reached XP level 3. HP: 28/28 MP: 6/6
   595 | D:1      | Found Bubih's Magic Scroll Shoppe.
   603 | D:1      | Bought a scroll of identify for 26 gold pieces
   603 | D:1      | Bought a scroll of teleportation for 39 gold pieces
  1096 | D:2      | Reached skill level 3 in Long Blades
  1279 | D:2      | Found a bloodstained altar of Trog.
  1623 | D:3      | Found Woedott's Armour Shoppe.
  1695 | D:3      | Noticed Jessica
  1706 | D:3      | Killed Jessica
  1707 | D:3      | Gained mutation: You have a pair of horns on your head.
                  | [demonic ancestry]
  1707 | D:3      | Reached XP level 4. HP: 20/35 MP: 7/7
  1825 | D:3      | Noticed Ijyb
  1836 | D:2      | Killed Ijyb
  1896 | D:3      | Identified the +5 short sword "Plog" {pain, rC+ Str+6}
  1987 | D:3      | Found Dibb's Magic Scroll Emporium.
  2024 | D:3      | Reached skill level 4 in Long Blades
  2245 | D:4      | Reached XP level 5. HP: 41/41 MP: 8/8
  2480 | D:4      | Noticed Duvessa
  2480 | D:4      | Noticed Dowan
  2505 | D:4      | Killed Duvessa
  2824 | D:4      | Gained mutation: You regenerate a little health from kills.
                  | [demonic ancestry]
  2824 | D:4      | Reached XP level 6. HP: 48/48 MP: 9/9
  3323 | D:4      | Reached skill level 5 in Long Blades
  3469 | D:5      | Entered Level 5 of the Dungeon
  3738 | D:5      | Reached XP level 7. HP: 44/55 MP: 10/10
  3912 | D:5      | Found a staircase to the Ecumenical Temple.
  3920 | D:5      | Reached skill level 6 in Long Blades
  3926 | Temple   | Entered the Ecumenical Temple
  3931 | Temple   | Became a worshipper of Warmaster Okawaru
  3953 | D:5      | Reached skill level 5 in Fighting
  3976 | D:5      | Reached * piety under Okawaru
  4135 | D:5      | Reached skill level 7 in Long Blades
  4135 | D:5      | Reached skill level 1 in Invocations
  4245 | D:5      | Gained mutation: You are mostly covered in razor-sharp
                  | scales. (AC +2, Slay +2) [demonic ancestry]
  4245 | D:5      | Reached XP level 8. HP: 63/63 MP: 11/11
  4436 | D:5      | Got the Grimoire of Quintessence
  5090 | D:6      | Reached ** piety under Okawaru
  5322 | D:6      | Reached skill level 8 in Long Blades
  5568 | D:7      | Noticed Joseph
  5931 | D:6      | Gained mutation: Spells you cast may paralyse adjacent
                  | enemies. [demonic ancestry]
  5931 | D:6      | Reached XP level 9. HP: 64/71 MP: 12/12
  5969 | D:6      | Killed Joseph
  5970 | D:6      | Reached skill level 5 in Invocations
  5977 | D:7      | Reached skill level 9 in Long Blades
  6829 | D:7      | Found a sacrificial altar of Ru.
  6858 | D:7      | Reached *** piety under Okawaru
  7248 | D:7      | Found a snail-covered altar of Cheibriados.
  7257 | D:7      | Found a hazy altar of Hepliaklqana.
  7349 | D:7      | Reached skill level 10 in Long Blades
  7357 | D:7      | HP: 3/74 [poisoned by a killer bee]
  7777 | D:7      | Reached skill level 1 in Evocations
  7921 | D:8      | Reached XP level 10. HP: 68/80 MP: 13/13
  8329 | D:8      | Reached **** piety under Okawaru
  8450 | D:8      | Found a runed translucent gate.
  8450 | D:8      | Found a runed translucent gate.
  8450 | D:8      | Found a runed translucent gate.
  8453 | D:8      | Noticed Pascal76's ghost (novice MiFi)
  8453 | D:8      | Noticed a ten-headed hydra
  8560 | D:8      | Reached skill level 11 in Long Blades
  8811 | D:9      | Noticed Psyche
  8820 | D:9      | Killed Psyche
  9354 | D:9      | Found a staircase to the Orcish Mines.
  9389 | D:9      | Noticed Maggie
  9403 | D:9      | Killed Maggie
  9487 | D:9      | Found a transporter.
  9491 | D:9      | Noticed an ice statue
  9589 | D:9      | Reached ***** piety under Okawaru
  9592 | D:9      | Found a transporter.
  9594 | D:9      | Noticed Stonecrops's ghost (journeyman FoFi)
  9604 | D:9      | Reached skill level 12 in Long Blades
  9744 | D:9      | Found a staircase to the Lair.
  9751 | D:9      | Gained mutation: You are completely covered in razor-sharp
                  | scales. (AC +3, Slay +3) [demonic ancestry]
  9751 | D:9      | Reached XP level 11. HP: 70/90 MP: 14/14
 10011 | Lair:1   | Entered Level 1 of the Lair of Beasts
 10156 | Lair:1   | Reached skill level 10 in Fighting
 10169 | Lair:1   | Received a gift from Okawaru
 10339 | Lair:1   | Noticed a catoblepas
 10339 | Lair:1   | Noticed a catoblepas
 10360 | Lair:1   | Found a runed translucent door.
 10670 | Lair:1   | Reached skill level 13 in Long Blades
 10888 | Lair:1   | Received a gift from Okawaru
 10923 | Lair:1   | Noticed a six-headed hydra
 10926 | Lair:1   | Found the +1 robe of Vines {NoPotionHeal Regen++++}
 10933 | Lair:1   | Killed a one-headed hydra
 10938 | Lair:1   | Noticed an oklob plant
 11213 | Lair:1   | Noticed Gastronok
 11230 | Lair:1   | Killed Gastronok
 11352 | Lair:1   | Received a gift from Okawaru
 11462 | Lair:1   | Noticed a five-headed hydra
 11472 | Lair:1   | Killed a one-headed hydra
 11473 | Lair:1   | Reached skill level 14 in Long Blades
 11809 | Lair:2   | Reached skill level 1 in Armour
 11861 | Lair:1   | Gained mutation: You have a pair of large horns on your
                  | head. [demonic ancestry]
 11861 | Lair:1   | Reached XP level 12. HP: 69/97 MP: 18/18
 11946 | Lair:2   | Noticed a six-headed hydra
 11969 | Lair:2   | Killed a one-headed hydra
 12135 | Lair:2   | Reached ****** piety under Okawaru
 12150 | Lair:2   | Slain by a bog body

Illustrated notes

Levels and vault maps discovered:
D:1:      amcnicky_arrival_underground_garden, layout_basic, serial_shops, shop,
          nicolae_kite_square_tiling_tiny
D:2:      layout_basic, basic_altar
D:3:      layout_rooms, serial_shops, shop, nicolae_shop_statue_plus, uniq_ijyb,
          uniq_jessica
D:4:      layout_basic, lightli_minifort, uniq_duvessa
D:5:      layout_loops_cross, minmay_temple_entry_tees
D:6:      layout_loops_ring
D:7:      layout_rooms, mainiacjoe_overflow_24_doors, mainiacjoe_overflow_swirl,
          uniq_joseph
D:8:      layout_gridville, gammafunk_ghost_hydra_chop
D:9:      layout_long_grid, grunt_lair_entry_orc_guard_hut, hiddenorc2_lemuel,
          nzn_ghost_randoct, uniq_maggie, uniq_psyche
Temple:   compressed_dpeg_triangle_lava_temple
Lair:1:   gammafunk_lair_enchanted_lake, layout_regular_city,
          hellmonk_guarded_unrand_vines, grunt_megastairs_4,
          lemuel_fruit_fields, uniq_gastronok
Lair:2:   layout_long_grid, nicolae_swamp_entry_splash_gauntlet,
          chequers_serial_rivers_room_b, kennysheep_abandoned_house

Skill      XL: |  1  2  3  4  5  6  7  8  9 10 11 12 |
---------------+-------------------------------------+-----
Long Blades    | 2 3 4 5 7 8 10 12 14 | 14.0
Fighting       | 3 4 5 6 8 9 10 | 10.3
Invocations    | 1 4 5 8 9 |  9.0
Evocations     | 1 3 |  3.0
Armour         | 1 3 |  3.0
Dodging        | 2 |  2.0
Translocations | 3 |  3.0
Throwing       | |  0.8
Spellcasting   | |  2.0

Action                     |  1- 3 |  4- 6 |  7- 9 | 10-12 || total
---------------------------+-------+-------+-------+-------++-------
  Melee: Falchion          |   150 |    11 |       |    26 ||   187
         Headbutt          |    10 |    35 |    77 |    83 ||   205
         Short sword       |       |   147 |   291 |       ||   438
         Scimitar          |       |       |    76 |   384 ||   460
  Throw: Dart              |       |       |     3 |     7 ||    10
 Invoke: Heroism           |       |       |     5 |     7 ||    12
  Evoke: Wand              |       |     3 |     6 |    10 ||    19
    Use: Scroll            |     2 |     3 |     2 |     6 ||    13
         Potion            |       |     3 |       |     3 ||     6
 Armour: Leather armour    |    28 |    38 |   252 |   289 ||   607
         Ring mail         |    91 |    61 |       |       ||   152
         Robe              |       |       |       |    41 ||    41
  Dodge: Dodged            |    87 |    89 |   217 |   246 ||   639

Table legend: (Time is in decaauts)
 A = Elapsed time spent in this place.
 B = Non-inter-level travel time spent in this place.
 C = Inter-level travel time spent in this place.
 D = Time resting spent in this place.
 E = Time spent auto-exploring this place.
 F = Levels seen in this place.
 G = Mean time per level.
                   A        B        C        D        E       F      G
               +--------+--------+--------+--------+--------+-----+--------+
         Total |  12068 |  11706 |    362 |   1501 |   7798 |  12 | 1005.7 |
       Dungeon |   9921 |   9623 |    298 |   1352 |   6280 |   9 | 1102.3 |
        Temple |     10 |     10 |      0 |      0 |      0 |   1 |   10.0 |
          Lair |   2136 |   2072 |     64 |    149 |   1518 |   2 | 1068.0 |
               +--------+--------+--------+--------+--------+-----+--------+

Top non-repeatable levels by time:
     D:6: 1931 daAuts
  Lair:1: 1835 daAuts
     D:7: 1271 daAuts
     D:9: 1265 daAuts
     D:4: 1255 daAuts
     D:5: 995 daAuts
     D:8: 978 daAuts
     D:1: 901 daAuts
     D:2: 800 daAuts
     D:3: 522 daAuts
  Lair:2: 301 daAuts
  Temple: 10 daAuts
